 Dungeon Crawl Stone Soup version 0.26-a0-651-gb41185065b (webtiles) character file.

Game seed: 6034316381823189639

(classic levelgen) 1721 EnegeticOcto the Cleaver (level 8, -3/74 HPs)
             Began as a Deep Dwarf Fighter on Oct 9, 2020.
             Killed from afar by Maggie (14 damage)
             ... with a bolt of fire
             ... on level 7 of the Dungeon.
             The game lasted 00:02:55 (4400 turns).

EnegeticOcto the Cleaver (Deep Dwarf Fighter)       Turns: 4400, Time: 00:02:56

Health: -3/74      AC:  8    Str: 23    XL:     8   Next: 75%
Magic:  2/2        EV:  5    Int:  8    God:
Gold:   318        SH: 12    Dex: 12    Spells: 7/7 levels left

rFire    . . .     SeeInvis .   a - +1 war axe
rCold    + . .     Faith    .   c - +1 kite shield
rNeg     . . .     Spirit   .   z - +0 plate armour
rPois    +         Reflect  .   (no helmet)
rElec    .         Harm     .   (no cloak)
rCorr    .         Rampage  .   (no gloves)
MR       +....                  (no boots)
Stlth    ..........             (no amulet)
HPRegen  0.00/turn              q - ring of protection from cold
MPRegen  0.08/turn              s - ring of poison resistance

@: corroded, mesmerised, non-regenerating
A: damage resistance, heal wounds, sense surroundings 1, no regeneration
a: Heal Wounds


You were on level 7 of the Dungeon.
You visited 2 branches of the dungeon, and saw 8 of its levels.

You collected 318 gold pieces.

Inventory:

Hand Weapons
 a - a +1 war axe (weapon)
Armour
 c - a +1 kite shield (worn)
 z - a +0 plate armour (worn)
Jewellery
 g - an uncursed amulet of regeneration {unknown}
 j - a cursed ring of teleportation {unknown}
 q - a ring of protection from cold (left hand)
 s - a ring of poison resistance (right hand)
Wands
 w - a wand of digging (14) {@v3}
 y - a wand of iceblast (11) {@v2}
Scrolls
 e - 6 scrolls of teleportation {@r3}
 i - a scroll of enchant weapon
 k - 6 scrolls of remove curse {@r2}
 l - a scroll of fear
 r - a scroll of fog
 u - a scroll of magic mapping {@r5}
Potions
 b - a potion of flight {unknown}
 d - 2 potions of might {@q3}
 f - 4 potions of curing {@q1}
 h - a potion of haste {unknown}
 p - a potion of lignification {@q7}
 t - 3 potions of stabbing {@q5}
 v - 2 potions of heal wounds {@q2}


   Skills:
 + Level 5.3 Fighting
 * Level 8.1 Axes
 + Level 6.3 Armour
 + Level 6.4 Shields


You had 7 spell levels left.
You didn't know any spells.
Your spell library was empty.

Dungeon Overview and Level Annotations

Branches:
Dungeon (7/15)             Temple (1/1) D:4

Altars:
Ashenzari
Cheibriados
Dithmenos
Elyvilon
Fedhas
Gozag
Kikubaaqudgha
Nemelex Xobeh
Okawaru
Qazlal
Ru
Sif Muna
Vehumet
Wu Jian
Xom
Yredelemnul
Zin
The Shining One

Shops:
D:6 *   D:7 *

Annotations:
D:7 Maggie


Innate Abilities, Weirdness & Mutations

You are resistant to damage.
You can heal yourself by infusing magical energy.
You passively map a small area around you.
You do not regenerate.


Message History

Your plate armour prevents you from hitting the phantom.
The phantom is severely damaged.
The phantom hits you but does no damage.
You barely miss the phantom.
The phantom is severely damaged.
The phantom hits you.
The phantom blinks!
You slash the phantom!
The phantom is almost destroyed.
You block the phantom's attack.
You hit the phantom but do no damage.
The phantom is almost destroyed.
You block the phantom's attack. x2
You hit the phantom.
You destroy the phantom!
Your life force feels restored.
No target in view!
No target in view!
No target in view!
No target in view!
No target in view!
No target in view!
No target in view!
No target in view!
i - a scroll of enchant weapon
There is an open door here.
You open the door.
Found an opulent altar of Gozag.
Found a stormy altar of Qazlal.
There is an open door here.
There is an open door here.
You open the door.
Found a radiant altar of Vehumet.
You open the door.
Found a snail-covered altar of Cheibriados.
There is an open door here.
There is an open door here.
You open the door.
There is an open door here.
You open the door.
There is an open door here.
There is an open door here.
There is an open door here.
Found 14 stones.
You open the door.
There is an open door here.
Found a stone staircase leading down.
You now have 318 gold pieces (gained 18).
j - an iron ring You open the door.
There is an open door here.
There is an open door here.
There is an open door here.
Found an escape hatch in the floor.
You open the door.
There is an open door here.
Things that are here:
a +0 long sword; a +0 ring mail
There is an open door here.
Maggie the Vainglorious comes into view.
She is wielding a +0 scimitar of flaming and carrying a wand of acid (9).
Maggie shouts!
You hear a bark!
Maggie points at you and mumbles some strange words.
The bolt of fire hits the bush!
The bush is on fire!
The bolt of fire hits you!
Maggie is nearby!
Maggie is nearby!
Maggie is nearby!
Maggie is nearby!
No reachable target in view!
No reachable target in view!
No reachable target in view!
No reachable target in view!
No reachable target in view!
No reachable target in view!
No reachable target in view!
No reachable target in view!
The bush is engulfed in blazing flames.
Maggie hits something but does no damage.
The bush is engulfed in blazing flames.
The bush is engulfed in blazing flames.
Maggie gestures at you while chanting.
The bolt of fire hits the bush!!
The bush is on fire!
The bolt of fire misses you.
Maggie mumbles some strange words.
Maggie attempts to bespell you! You resist with almost no effort.
The bush is engulfed in blazing flames.
Maggie hits something but does no damage.
The bush is engulfed in blazing flames.
Maggie zaps a wand.
The bolt of acid hits the bush.
The bush is splashed with acid.
The acid corrodes the bush!
The bolt of acid hits you!!
* * * LOW HITPOINT WARNING * * *
The acid corrodes you!
You are splashed with acid!
* * * LOW HITPOINT WARNING * * *
The bush is engulfed in blazing flames.
Maggie gestures wildly while chanting.
Maggie attempts to bespell you!
You are mesmerised by Maggie!
The bush is engulfed in blazing flames.
The bush is destroyed!
Maggie gestures at you while chanting. The bolt of fire hits you!
You die... ......... ,, ........# * + ##..., (..###..####.# ....# + * .(.#∩#........ , ....#.. , ..(#'#........ , ..PPPP

, .......########+#.....
,, , *
.......#...........PPP,
, ....#..'...........P.P
, ,
....+..#........@..P.P.
, ,
....####...........P....
...........########§PP.P
...........# * @P
...........# * P.P, ,
...........######## ,.P
, , #######............P
P ,,
......'............P
......#............P , ,


You could see Maggie (mesmerising).

Vanquished Creatures
  2 humans (D:7)
  2 orc warriors
  An ice beast (D:5)
  A sky beast (D:6)
  An ogre (D:5)
  A phantom (D:7)
  A centaur (D:7)
  A bullfrog (D:3)
  A wyvern skeleton (D:4)
  A scorpion (D:7)
  5 wights (D:6)
  2 orc priests
  2 hounds
  A jelly (D:2)
  3 orc wizards
  A hound zombie (D:6)
  A howler monkey skeleton (D:6)
  8 adders
  A shadow imp (D:6)
  2 white imps (D:6)
  An ufetubus (D:7)
  An ooze (D:3)
  An adder skeleton (D:4)
  A worm (D:5)
  A dart slug (D:3)
  3 leopard geckos
  18 orcs
  2 ball pythons (D:3)
  2 giant cockroaches
  7 goblins
  5 hobgoblins
  5 kobolds
  5 bats
  3 frilled lizards
  A leopard gecko skeleton (D:6)
  6 rats
100 creatures vanquished.

Vanquished Creatures (others)
  A bush (D:7)
1 creature vanquished.

Grand Total: 101 creatures vanquished

Notes
Turn   | Place    | Note
-------+----------+-------------------------------------------
     0 | D:1      | EnegeticOcto the Deep Dwarf Fighter began the quest for the
                  | Orb.
     0 | D:1      | Reached XP level 1. HP: 20/20 MP: 1/1
    47 | D:2      | Found a stormy altar of Qazlal.
    78 | D:2      | Noticed a jelly
    84 | D:2      | Killed a jelly
    84 | D:2      | Reached skill level 3 in Axes
    84 | D:2      | Reached XP level 2. HP: 15/28 MP: 2/2
    84 | D:2      | Reached XP level 3. HP: 18/34 MP: 3/3
   564 | D:4      | Reached XP level 4. HP: 30/42 MP: 3/3
   687 | D:4      | Found a blossoming altar of Fedhas.
   702 | D:4      | Found a staircase to the Ecumenical Temple.
   791 | Temple   | Entered the Ecumenical Temple
  1265 | D:2      | Noticed a fire elemental
  1266 | D:2      | Noticed a water elemental
  1266 | D:2      | Noticed an air elemental
  1266 | D:2      | Noticed an earth elemental
  1314 | D:2      | Reached skill level 4 in Axes
  1314 | D:2      | Reached XP level 5. HP: 32/49 MP: 4/4
  2355 | D:4      | Reached XP level 6. HP: 43/56 MP: 4/4
  2452 | D:5      | Entered Level 5 of the Dungeon
  2477 | D:5      | Found a white marble altar of Elyvilon.
  2491 | D:5      | Reached skill level 5 in Axes
  2689 | D:5      | Found a sparkling altar of Nemelex Xobeh.
  2751 | D:5      | Noticed an ice beast
  2757 | D:5      | Killed an ice beast
  2892 | D:5      | Reached XP level 7. HP: 45/64 MP: 5/5
  3192 | D:6      | Found Zin's Purification Station.
  3195 | D:6      | Found a glowing silver altar of Zin.
  3349 | D:6      | Reached skill level 5 in Armour
  3349 | D:6      | Reached skill level 5 in Shields
  3370 | D:6      | Reached skill level 6 in Axes
  3454 | D:6      | Reached XP level 8. HP: 57/73 MP: 3/3
  3457 | D:6      | Found an ancient bone altar of Kikubaaqudgha.
  3893 | D:7      | Found an iron altar of Okawaru.
  3916 | D:7      | Reached skill level 7 in Axes
  3930 | D:7      | Reached skill level 5 in Fighting
  4031 | D:7      | Found Karem's General Store.
  4042 | D:7      | Reached skill level 8 in Axes
  4132 | D:7      | Found an opulent altar of Gozag.
  4133 | D:7      | Found a stormy altar of Qazlal.
  4147 | D:7      | Found a radiant altar of Vehumet.
  4150 | D:7      | Found a snail-covered altar of Cheibriados.
  4392 | D:7      | Noticed Maggie
  4400 | D:7      | Killed from afar by Maggie

Illustrated notes

Levels and vault maps discovered:
D:1:      mushboom_english_gardens, layout_basic
D:2:      layout_loops_corners, minmay_crystal_water,
          nicolae_qazlal_style_of_elements
D:3:      layout_loops_corners
D:4:      layout_basic, minmay_temple_entry_steel_oval, fedhas_altar_1
D:5:      layout_gridville, nemelex_xobeh_ov_fountains_minmay, elyvilon_altar_5
D:6:      layout_loops_ring, kiku_gazebo_pond_becter, zin_purify
D:7:      layout_gridville, okawaru_humans, grunt_temple_overflow_cloverleaf,
          serial_shops, kennysheep_mini_moat, minmay_hedge_maze, uniq_maggie
Temple:   dpeg_three_leaves_temple

Skill      XL: |  1  2  3  4  5  6  7  8 |
---------------+-------------------------+-----
Fighting       | 3 4 5 |  5.3
Axes           | 3 4 5 6 8 |  8.1
Armour         | 4 5 6 |  6.3
Shields        | 4 5 6 |  6.4

Action                   |  1- 3 |  4- 6 |  7- 9 || total
-------------------------+-------+-------+-------++-------
Melee: War axe           |    54 |   136 |   205 ||   395
 Abil: Heal Wounds       |     2 |     2 |    19 ||    23
  Use: Scroll            |       |       |    14 ||    14
Armor: Scale mail        |    15 |       |       ||    15
       Chain mail        |       |    63 |    56 ||   119
       Plate armour      |       |       |    79 ||    79
Dodge: Dodged            |    19 |    30 |    44 ||    93
Block: Kite shield       |    26 |    75 |   155 ||   256

Table legend: (Time is in decaauts)
 A = Elapsed time spent in this place.
 B = Non-inter-level travel time spent in this place.
 C = Inter-level travel time spent in this place.
 D = Time resting spent in this place.
 E = Time spent auto-exploring this place.
 F = Levels seen in this place.
 G = Mean time per level.
                   A        B        C        D        E       F      G
               +--------+--------+--------+--------+--------+-----+--------+
         Total |   4551 |   4246 |    305 |     23 |   3302 |   8 |  568.9 |
       Dungeon |   4468 |   4180 |    288 |     23 |   3235 |   7 |  638.3 |
        Temple |     83 |     67 |     16 |      0 |     67 |   1 |   83.0 |
               +--------+--------+--------+--------+--------+-----+--------+

Top non-repeatable levels by time:
     D:3: 861 daAuts
     D:6: 825 daAuts
     D:2: 801 daAuts
     D:4: 739 daAuts
     D:5: 686 daAuts
     D:7: 517 daAuts
  Temple: 83 daAuts
     D:1: 36 daAuts
